[Event "Early-Titled-Tuesday-Blitz-February-13-2024"]
[Site "Chess.com"]
[Date "2024.02.13"]
[Round "4"]
[White "Helenita13"]
[Black "LuisFSiles"]
[Result "1-0"]
[WhiteElo "2181"]
[BlackElo "2238"]
[TimeControl "180+1"]
[EndTime "8:42:11 PST"]
[Termination "Helenita13 won by checkmate"]

1. e4 c5 2. Nf3 Nc6 3. d4 cxd4 4. Nxd4 Nf6 5. Nc3 e5 6. Nde2 Bc5 7. Ng3 h5 8. Bg5 Qb6 9. Qd2 Ng4 10. Nd1 f6 11. Be3 Nxe3 12. Nxe3 Qxb2 13. Rc1 Ba3 14. Ne2 Nd4 15. Nc4 Qxa2 16. Nxa3 Nxe2 17. Bxe2 Qxa3 18. O-O h4 19. h3 Rh6 20. Qd5 Ke7 21. Rfd1 d6 22.
Bc4 Kd7 23. Qf7+ Kc6 24. Qxg7 Rh5 25. Qxf6 Bxh3 26. Ra1 Qc3 27. Qxd6# 1-0

[Event "Early-Titled-Tuesday-Blitz-February-13-2024"]
[Site "Chess.com"]
[Date "2024.02.13"]
[Round "4"]
[White "Azerichess"]
[Black "nekotyanof"]
[Result "1-0"]
[WhiteElo "3059"]
[BlackElo "2641"]
[TimeControl "180+1"]
[EndTime "8:42:12 PST"]
[Termination "Azerichess won by resignation"]

1. d4 Nf6 2. Bg5 Ne4 3. Bf4 d5 4. Nd2 g6 5. e3 Bg7 6. Nxe4 dxe4 7. c3 O-O 8. Qc2 Bf5 9. Ne2 c6 10. Ng3 Qd5 11. a3 e5 12. dxe5 Bxe5 13. Nxf5 gxf5 14.
Bxe5 Qxe5 15. O-O-O Na6 16. Bxa6 bxa6 17. Qa4 Rab8 18. g3 Qe6 19. Kb1 Rb6 20. Rd2 Rfb8 21.
Rhd1 c5 22. Rd8+ Kg7 23. Rxb8 Rxb8 24. Rd2 Qe5 25. Ka1 Rb6 26. Qd7 Kg6 27. Qxa7 Qe6 28. Qd7 Qxd7 29. Rxd7 Kf6 30. Kb1 Ke6 31. Rc7 Rd6 32. Kc2 Kf6 33. Rxc5 Kg5 34. h3 h5 35. a4 Kg6 36. h4 Kf6 37. a5 Ke6 38. b4 Kf6 39. c4 Ke6 40. b5 axb5 41. cxb5 Rd3 42.
b6 Kd6 43. b7 Kxc5 44. b8=Q 1-0

[Event "Early-Titled-Tuesday-Blitz-February-13-2024"]
[Site "Chess.com"]
[Date "2024.02.13"]
[Round "4"]
[White "bubeliang"]
[Black "PabloZarnicki"]
[Result "1-0"]
[WhiteElo "2849"]
[BlackElo "2630"]
[TimeControl "180+1"]
[EndTime "8:42:13 PST"]
[Termination "bubeliang won on time"]

1. e4 e5 2. Nc3 Nf6 3. Bc4 Nxe4 4. Qh5 Nd6 5. Bb3 Be7 6. Qxe5 O-O 7. d4 Bf6 8. Qf4 Nc6 9. Nge2 a6 10. Be3 Nb5 11. Nd5 Be7 12. c4 Nb4 13. Nxe7+ Qxe7 14. O-O Nd6 15.
Ng3 Ne8 16. d5 d6 17. Bd2 Nd3 18. Qd4 Nc5 19. Bc2 Qf6 20. Bc3 Qxd4 21. Bxd4 a5 22.
Rfe1 g6 23. Re7 Na6 24. Rae1 Ng7 25. Ne4 Nh5 26. Nf6+ Nxf6 27. Bxf6 c6 28. dxc6 bxc6 29. Ba4 Be6 30. Bxc6 Rac8 31. Bb7 1-0

[Event "Early-Titled-Tuesday-Blitz-February-13-2024"]
[Site "Chess.com"]
[Date "2024.02.13"]
[Round "4"]
[White "Kostya0705"]
[Black "artin10862"]
[Result "1-0"]
[WhiteElo "2620"]
[BlackElo "2876"]
[TimeControl "180+1"]
[EndTime "8:42:14 PST"]
[Termination "Kostya0705 won by resignation"]

1. e4 e5 2. Nf3 Nc6 3. Bc4 Bc5 4. c3 Nf6 5. d4 exd4 6. b4 Bb6 7. e5 d5 8. exf6 dxc4 9. Qe2+ Be6 10. b5 d3 11. Qe4 Na5 12. fxg7 Rg8 13. Bg5 Qd5 14. Qxh7 Kd7 15. O-O Rae8 16. Nbd2 Bf5 17. Qh6 Re6 18.
Bf6 Qd6 19. Rae1 Rxf6 20. Qh8 Rxh8 21. gxh8=Q Re6 22. Ne5+ Ke7 23. Nexc4 Nxc4 24. Nxc4 Qf4 25. Nxb6 axb6 26. Rxe6+ Bxe6 27. Qd4 Qxd4 28. cxd4 Bxa2 29. Rd1 Bc4 30. f4 Bxb5 31. Kf2 Bc4 32. Ke3 b5 33. Rb1 f5 34. h3 b6 35. g4 c5 36. g5 b4 37. h4 Ba2 38. Rb2 b3 39.
Kxd3 Kd6 40. dxc5+ bxc5 41. h5 Kd5 42. h6 c4+ 43.
Kc3 1-0

[Event "Early-Titled-Tuesday-Blitz-February-13-2024"]
[Site "Chess.com"]
[Date "2024.02.13"]
[Round "4"]
[White "krasavetc"]
[Black "KhazhatulyAlikhan"]
[Result "1-0"]
[WhiteElo "2620"]
[BlackElo "2418"]
[TimeControl "180+1"]
[EndTime "8:42:14 PST"]
[Termination "krasavetc won on time"]

1. e4 c5 2. Nf3 e6 3. c3 Nf6 4. Bd3 Nc6 5. Bc2 d5 6. e5 Nd7 7. d4 cxd4 8. cxd4 Be7 9. h4 b6 10. Bg5 Nb4 11. Nc3 Ba6 12. Bb1 h6 13. Bxe7 Qxe7 14.
a3 Nc6 15. b4 Bc4 16. Nd2 b5 17. Qg4 O-O 18. Rh3 f5 19. Qf4 a5 20. Nxc4 axb4 21. Nxd5 exd5 22. Ne3 Rxa3 23. Ra2 Rxa2 24. Bxa2 Kh8 25.
Bxd5 1-0

[Event "Early-Titled-Tuesday-Blitz-February-13-2024"]
[Site "Chess.com"]
[Date "2024.02.13"]
[Round "4"]
[White "alexrustemov"]
[Black "albi1999"]
[Result "1-0"]
[WhiteElo "2820"]
[BlackElo "2605"]
[TimeControl "180+1"]
[EndTime "8:42:15 PST"]
[Termination "alexrustemov won by resignation"]

1. d4 Nf6 2. c4 g6 3. Nf3 Bg7 4. g3 c6 5. Bg2 d5 6. b3 O-O 7. Bb2 a5 8. Nc3 Bf5 9. O-O Ne4 10. Rc1 Nxc3 11. Bxc3 a4 12. cxd5 cxd5 13. bxa4 Nc6 14.
Qb3 Na5 15. Qb5 Be4 16. Nd2 Bxg2 17. Kxg2 e6 18. e3 Ra6 19. Rb1 Qa8 20. Rfc1 Rb8 21. Rc2 Nc4 22. Nxc4 dxc4 23. a5 Bf8 24. Kg1 Bd6 25.
Qxc4 Rc6 26. Qb3 Rbc8 27. Rbc1 Qa6 28. Be1 Rxc2 29. Rxc2 Rxc2 30. Qxc2 Qb5 31. a4 Qd7 32. Qc4 h5 33. h4 Kg7 34. Kf1 e5 35. dxe5 Bxe5 36.
Bc3 Qd1+ 37. Kg2 Bxc3 38. Qxc3+ Kg8 39. Qc8+ Kg7 40. Qxb7 Qxa4 41. a6 1-0

[Event "Early-Titled-Tuesday-Blitz-February-13-2024"]
[Site "Chess.com"]
[Date "2024.02.13"]
[Round "4"]
[White "santosalberto1987"]
[Black "RobertoJBM"]
[Result "0-1"]
[WhiteElo "2570"]
[BlackElo "2804"]
[TimeControl "180+1"]
[EndTime "8:42:16 PST"]
[Termination "RobertoJBM won on time"]

1. e4 c6 2. c4 d5 3. exd5 Nf6 4. Qa4 Bd7 5. Qb3 Qb6 6. Nc3 Na6 7. Qxb6 axb6 8. dxc6 bxc6 9. a3 Nc5 10. Nf3 Bf5 11.
Nd4 Bg6 12. b4 e5 13. bxc5 exd4 14. cxb6 dxc3 15. a4 Bb4 16. Be2 O-O-O 17. d3 Rhe8 18. Be3 Bxd3 19. Bxd3 Rxd3 20. Ke2 Rd2+ 21. Kf3 Rd3 22. a5 Bc5 23. Ke2 Rd2+ 24. Kf3 Bxe3 25. fxe3 Kb7 26. Rhb1 Rb2 27. Rxb2 cxb2 28. Rb1 Re5 29.
Rxb2 Rxa5 30. e4 Nd7 31. Rd2 Nxb6 32. Rd8 Ra8 33. Rd4 Kc7 34. c5 Nd7 35. Rc4 Ra5 0-1

[Event "Early-Titled-Tuesday-Blitz-February-13-2024"]
[Site "Chess.com"]
[Date "2024.02.13"]
[Round "4"]
[White "calin_dragomirescu"]
[Black "faraone99"]
[Result "0-1"]
[WhiteElo "2330"]
[BlackElo "2536"]
[TimeControl "180+1"]
[EndTime "8:42:16 PST"]
[Termination "faraone99 won by resignation"]

1. c4 e6 2. Nf3 d5 3. g3 Nf6 4. Bg2 d4 5. e3 c5 6. exd4 cxd4 7. d3 Nc6 8. O-O Be7 9. Re1 O-O 10. a3 a5 11. Bg5 Nd7 12. Bxe7 Qxe7 13. Nbd2 Nc5 14. Nb3 Rd8 15. Nxc5 Qxc5 16. Rb1 a4 17. Nd2 h6 18. Ne4 Qe7 19. h4 f5 20. Nd2 e5 21. Qc2 Qf6 22. c5 Be6 23. Nc4 Bf7 24. Bxc6 bxc6 25. Nxe5 f4 26. Nxf7 Qxf7 27. Qc4 Qxc4 28. dxc4 fxg3 29. fxg3 d3 30. Rbd1 Rd4 31. Re6 Rb8 32. Rd6 Rxc4 33. R1xd3 Rxb2 34. R6d4 Rc1+ 35. Rd1 Rxc5 36. R1d2 Rb1+ 37.
Kg2 Rc3 38. R4d3 Rxd3 39. Rxd3 Rb3 40. Rd6 Rxa3 41. Rxc6 Rb3 42. Ra6 a3 43. h5 Kf7 44.
g4 Rb2+ 45. Kg3 a2 46. Kh3 Ke7 47. Kg3 Kd7 48. Kh3 Kc7 49. Kg3 Kb7 50. Ra3 Kc6 51. Ra8 Kc5 52. g5 Kb4 53. g6 Rb3+ 54. Kf4 Ra3 55.
Rb8+ Kc3 56. Rc8+ Kd2 57. Rd8+ Ke2 0-1

[Event "Early-Titled-Tuesday-Blitz-February-13-2024"]
[Site "Chess.com"]
[Date "2024.02.13"]
[Round "4"]
[White "Mikasinski"]
[Black "ChessSG1"]
[Result "1-0"]
[WhiteElo "2655"]
[BlackElo "2423"]
[TimeControl "180+1"]
[EndTime "8:42:18 PST"]
[Termination "Mikasinski won by checkmate"]

1. e4 c5 2. Nf3 g6 3. d4 cxd4 4. Nxd4 Nc6 5. Nc3 Bg7 6. Be3 Nf6 7. Bc4 O-O 8. Bb3 a5 9. O-O Nxd4 10. Bxd4 d6 11. f4 Ng4 12. Bxg7 Kxg7 13. Kh1 Qb6 14.
Qe2 Bd7 15. Nd5 Qd8 16. h3 a4 17. hxg4 axb3 18. axb3 Rxa1 19. Rxa1 h5 20. g5 f6 21. gxf6+ exf6 22. Qe3 Re8 23. Qd4 Bc6 24. c4 Bxd5 25. cxd5 Qd7 26. Ra7 Qb5 27. Qc4 Qb6 28. Qc6 Qxa7 29.
Qxe8 Qd4 30. Qe7+ Kh6 31. Qxd6 Qxe4 32. Qxf6 Qb1+ 33. Kh2 Qe4 34. Qh8# 1-0

[Event "Early-Titled-Tuesday-Blitz-February-13-2024"]
[Site "Chess.com"]
[Date "2024.02.13"]
[Round "4"]
[White "AndresDelgado77"]
[Black "Logman74"]
[Result "0-1"]
[WhiteElo "2359"]
[BlackElo "2542"]
[TimeControl "180+1"]
[EndTime "8:42:18 PST"]
[Termination "Logman74 won by checkmate"]

1. e4 c5 2. Nf3 d6 3. d4 cxd4 4. Qxd4 a6 5. Bg5 Nf6 6. Nc3 Nc6 7. Qd2 e6 8. O-O-O Be7 9. Bf4 Ng4 10. Bg3 Nge5 11. Nd4 Bd7 12. f4 Nxd4 13. Qxd4 Nc6 14. Qxg7 Bf6 15. Qh6 Bxc3 16. bxc3 Qa5 17. Qf6 Rg8 18.
Bc4 Rc8 19. Rxd6 Qa3+ 20. Kb1 Qxd6 21. f5 Qc5 22. fxe6 fxe6 23. Bxe6 Qe7 24. Qxe7+ Kxe7 25. Bxg8 Rxg8 26. Rd1 Be6 27. Bd6+ Kf7 28. Rf1+ Ke8 29. g3 Kd7 30. e5 Na5 31. Rf6 Nc4 32. Bb4 Rg5 33.
Rh6 Rxe5 34. Rxh7+ Kc6 35. Rh6 Re1# 0-1

[Event "Early-Titled-Tuesday-Blitz-February-13-2024"]
[Site "Chess.com"]
[Date "2024.02.13"]
[Round "4"]
[White "kleopl"]
[Black "Chernov_Alexander_A"]
[Result "1-0"]
[WhiteElo "2529"]
[BlackElo "2308"]
[TimeControl "180+1"]
[EndTime "8:42:18 PST"]
[Termination "kleopl won on time"]

1. e4 d6 2. d4 Nf6 3. Nc3 Nbd7 4. Be3 e5 5. f3 c6 6. Nge2 b5 7. Qd2 a6 8. O-O-O Qc7 9. Kb1 Bb7 10. g4 O-O-O 11. h4 Be7 12. Bh3 Kb8 13. Ng3 g6 14. g5 Nh5 15. Nxh5 gxh5 16. Bxd7 Rxd7 17. dxe5 Rhd8 18.
exd6 Bxd6 19. Qc1 Be5 20. Ne2 c5 21. Rxd7 Rxd7 22. Rd1 Rxd1 23. Qxd1 Kc8 24. Qd2 Qe7 25. Bf4 Qe6 26. Bxe5 Qxe5 27. Qf4 Qe6 28. Ng3 Kd7 29. Nxh5 Qh3 30. Qg4+ Qxg4 31. Nf6+ Ke6 32. Nxg4 f5 33. gxf6 1-0

[Event "Early-Titled-Tuesday-Blitz-February-13-2024"]
[Site "Chess.com"]
[Date "2024.02.13"]
[Round "4"]
[White "Sanan_Sjugirov"]
[Black "wadsy27"]
[Result "1-0"]
[WhiteElo "2995"]
[BlackElo "2626"]
[TimeControl "180+1"]
[EndTime "8:42:20 PST"]
[Termination "Sanan_Sjugirov won by resignation"]

1. e4 e6 2. d4 d5 3. e5 c5 4. c3 Nc6 5. Nf3 Qb6 6. a3 c4 7.
Nbd2 Na5 8. Be2 Bd7 9. O-O Ne7 10. Rb1 Qc7 11. Qe1 Ba4 12. Bd1 Bxd1 13. Qxd1 Nc8 14. Re1 Nb6 15. Nf1 O-O-O 16. Ng3 Be7 17. Bg5 h6 18.
Bxe7 Qxe7 19. Nd2 Kb8 20. f4 g6 21. Rf1 Qd7 22. Nh1 Qa4 23. Qc1 Nb3 24. Nxb3 cxb3 25. Nf2 Nc4 26. Nd3 Qb5 27. Rf3 a5 28. Qe1 a4 29. h3 h5 30. Nf2 Rhg8 31. Nd1 Rd7 32. Ne3 Kc7 33. Nxc4 dxc4 34. Qe4 Qd5 35.
Qxd5 Rxd5 36. Kf2 Kc6 37. Kg3 Rdd8 38. Kh4 Kd5 39. Kg5 Rh8 40. g3 Rh7 41. Re1 Rdh8 42. Kf6 Rg8 43. Re2 Rgh8 44. Rff2 Rg8 45. g4 hxg4 46.
hxg4 Rgh8 47. f5 gxf5 48. gxf5 Rh6+ 49. Ke7 R8h7 50. f6 Rh1 51. Rg2 Rc1 52. Rg7 Rh8 53. Kxf7 Rc2 54. Rgg2 Rh7+ 55. Kg6 Rh8 56. f7 Rxe2 57.
Rxe2 Kc6 58. Kg7 1-0

[Event "Early-Titled-Tuesday-Blitz-February-13-2024"]
[Site "Chess.com"]
[Date "2024.02.13"]
[Round "4"]
[White "Dinamo3"]
[Black "hsd2016"]
[Result "1-0"]
[WhiteElo "2528"]
[BlackElo "2323"]
[TimeControl "180+1"]
[EndTime "8:42:21 PST"]
[Termination "Dinamo3 won by resignation"]

1. c4 c6 2. Nc3 d5 3. cxd5 cxd5 4.
d4 Nf6 5. Bf4 Nc6 6. e3 e6 7.
Bd3 Be7 8. Nf3 O-O 9. O-O Bd7 10. a3 Rc8 11. Rc1 a6 12. Na4 Ne4 13. Nc5 Nxc5 14. dxc5 Bf6 15. Bd6 Re8 16. b4 e5 17. e4 Bg4 18. h3 Bxf3 19. Qxf3 Nd4 20. Qd1 dxe4 21. Bxe4 Bg5 22. Rc3 Nc6 23. Rd3 Qf6 24. g3 g6 25. h4 Bh6 26. Rf3 Qg7 27. Bd5 Rf8 28.
Bxf8 Rxf8 29. Bxc6 bxc6 30. Qd6 e4 31. Rb3 f5 32. Qxc6 Qe5 33. Qd6 Qg7 34. c6 Qf7 35. Rc3 f4 36. c7 fxg3 37. c8=Q gxf2+ 38. Kh1 e3 39. Qce6 1-0

[Event "Early-Titled-Tuesday-Blitz-February-13-2024"]
[Site "Chess.com"]
[Date "2024.02.13"]
[Round "4"]
[White "dianamirza"]
[Black "giomar27"]
[Result "0-1"]
[WhiteElo "1956"]
[BlackElo "2462"]
[TimeControl "180+1"]
[EndTime "8:42:21 PST"]
[Termination "giomar27 won by checkmate"]

1. d4 f6 2. e4 g6 3. f4 Nh6 4.
Nf3 Nf7 5. Nc3 Bg7 6. Be3 O-O 7. Qd2 d6 8. Bc4 e6 9. O-O a6 10. a4 Qe7 11. e5 d5 12. Bb3 f5 13. Ng5 Nxg5 14.
fxg5 Kh8 15. a5 Nd7 16. Na4 c5 17. Nxc5 Nxc5 18. dxc5 Bxe5 19. Bd4 Bxd4+ 20. Qxd4+ Qg7 21. Qxg7+ Kxg7 22. c4 d4 23. Ba4 e5 24. c6 e4 25. Kf2 bxc6 26. Bxc6 Rb8 27. Rab1 Be6 28. Rfc1 Rfc8 29. Ba4 Bxc4 30. b3 Bd3 31. Rxc8 Rxc8 32. Rd1 f4 33. g3 f3 34. b4 Rc4 35. b5 Rxa4 36. bxa6 Ra2+ 37. Ke1 f2# 0-1

[Event "Early-Titled-Tuesday-Blitz-February-13-2024"]
[Site "Chess.com"]
[Date "2024.02.13"]
[Round "4"]
[White "crazy_but_lazy"]
[Black "mitrabhaa"]
[Result "0-1"]
[WhiteElo "2609"]
[BlackElo "2914"]
[TimeControl "180+1"]
[EndTime "8:42:22 PST"]
[Termination "mitrabhaa won by resignation"]

1. d4 Nf6 2. c4 c5 3. d5 e6 4. Nc3 d6 5. Nf3 a6 6. a4 g6 7.
e4 exd5 8. exd5 Bg4 9. Be2 Bxf3 10. Bxf3 Bg7 11. O-O O-O 12. Re1 Nbd7 13. Bf4 Qc7 14.
Qd2 Rfe8 15. Be2 Ne5 16. Bf1 Nfd7 17. h3 Qb6 18. a5 Qc7 19. Ra3 Re7 20. Bg5 f6 21. Bf4 Rae8 22. Rd1 f5 23. Na4 Nf7 24. b4 h6 25. Be3 cxb4 26. Qxb4 Rc8 27. Qd2 g5 28. c5 f4 29. Bd4 Bxd4 30. Qxd4 Nxc5 31. Qf6 Re5 32. Nb6 Rce8 33. h4 Qe7 34. Qg6+ Kf8 35. Rh3 Re1 36. Rxe1 Qxe1 37. hxg5 Ne4 38. Nd7+ Ke7 39. Rf3 Nd2 40. Qf6+ Kxd7 41. Qxf7+ Re7 42.
Qf5+ Kd8 43. Qxf4 Qxf1+ 44. Kh2 Nxf3+ 45. Qxf3 hxg5 46. Qf8+ Kd7 47. Qf5+ Kc7 48. Qc2+ Kb8 0-1

[Event "Early-Titled-Tuesday-Blitz-February-13-2024"]
[Site "Chess.com"]
[Date "2024.02.13"]
[Round "4"]
[White "tylityli"]
[Black "kakarot_001"]
[Result "0-1"]
[WhiteElo "2290"]
[BlackElo "2650"]
[TimeControl "180+1"]
[EndTime "8:42:22 PST"]
[Termination "kakarot_001 won by resignation"]

1. d4 d6 2. c4 Nf6 3. Nc3 e5 4. dxe5 dxe5 5. Qxd8+ Kxd8 6. Bg5 c6 7. O-O-O+ Kc7 8.
h3 Be6 9. e3 Nbd7 10. Nf3 Bb4 11. Kc2 Bxc3 12. bxc3 Ne4 13. Bh4 f6 14. Bd3 Ndc5 15.
Nd2 Nxd2 16. Rxd2 Nxd3 17. Kxd3 Rad8+ 18. Kc2 Bf5+ 19. Kc1 Rxd2 20. Kxd2 Rd8+ 21. Ke2 Bd3+ 22. Kd2 Bxc4+ 23. Kc2 Bxa2 24. Ra1 Bc4 25. Rxa7 Ba6 26. f4 Kb6 27. Rxa6+ bxa6 28. fxe5 a5 29. exf6 gxf6 30.
Bxf6 Rg8 31. g4 a4 32. g5 Kb5 33.
h4 Kc4 34. h5 a3 35. Be7 Ra8 36. Kb1 a2+ 37. Ka1 Kb3 38. Bf6 Ra5 39. h6 Rf5 0-1

[Event "Early-Titled-Tuesday-Blitz-February-13-2024"]
[Site "Chess.com"]
[Date "2024.02.13"]
[Round "4"]
[White "SahibSinghKnight"]
[Black "kylelancman"]
[Result "0-1"]
[WhiteElo "2601"]
[BlackElo "2440"]
[TimeControl "180+1"]
[EndTime "8:42:22 PST"]
[Termination "kylelancman won on time"]

1. e4 c5 2. Nf3 g6 3. d4 cxd4 4.
Nxd4 Nc6 5. c4 Nf6 6. Nc3 d6 7. Be3 Ng4 8. Nc2 Nxe3 9. Nxe3 Bg7 10. Qd2 O-O 11. h4 h5 12. f3 Qa5 13. Rc1 Bd7 14. a3 Rfc8 15. Be2 Ne5 16. O-O Be6 17. b4 Qxa3 18.
Ncd5 Kf8 19. f4 Nc6 20. f5 Bxd5 21. Nxd5 Qg3 22. fxg6 Bd4+ 23. Qxd4 Nxd4 24. Rxf7+ Ke8 25. Bxh5 Kd8 26. g7 Ne6 0-1

[Event "Early-Titled-Tuesday-Blitz-February-13-2024"]
[Site "Chess.com"]
[Date "2024.02.13"]
[Round "4"]
[White "maxip32"]
[Black "inagreV"]
[Result "1-0"]
[WhiteElo "2662"]
[BlackElo "2348"]
[TimeControl "180+1"]
[EndTime "8:42:24 PST"]
[Termination "maxip32 won by resignation"]

1. e4 c5 2. Nf3 Nc6 3. Bb5 g6 4. Bxc6 dxc6 5. d3 Bg7 6. h3 Nf6 7. Nc3 O-O 8. Be3 b6 9. Qd2 e5 10. Bh6 Qd6 11. O-O Rd8 12. Rad1 Nh5 13. Bxg7 Kxg7 14.
Qe3 h6 15. b3 a5 16. a4 Ra7 17.
Nb1 Nf4 18. Kh2 Qe6 19. Ng1 Rad7 20. Nd2 Re7 21. Nc4 b5 22. axb5 cxb5 23. Nxa5 Ra7 24.
b4 Rd4 25. c3 Rd8 26. Qxc5 Rad7 27. Qe3 Rxd3 28. Rxd3 Rxd3 29. Qc5 Nxh3 30. f3 Nf4 31. Rf2 Qf6 32. g3 Nh3 33. Nxh3 Bxh3 34. Kxh3 Rxf3 35.
Kg2 Rxf2+ 36. Qxf2 Qd6 37. Nb3 Qd3 38. Nc5 Qxc3 39.
Nd7 Qd4 40. Qxd4 exd4 1-0

[Event "Early-Titled-Tuesday-Blitz-February-13-2024"]
[Site "Chess.com"]
[Date "2024.02.13"]
[Round "4"]
[White "GMRAVEN_ON_YOUTUBE"]
[Black "AttilaTurzo"]
[Result "1-0"]
[WhiteElo "2808"]
[BlackElo "2486"]
[TimeControl "180+1"]
[EndTime "8:42:24 PST"]
[Termination "GMRAVEN_ON_YOUTUBE won on time"]

1. f4 d5 2. Nf3 g6 3. e3 Bg7 4. c4 Nf6 5. cxd5 Nxd5 6. d4 O-O 7.
e4 Nb6 8. Nc3 Bg4 9. Be3 Nc6 10.
d5 Bxf3 11. gxf3 Na5 12. Bd4 Bh6 13. f5 Nac4 14. Bxc4 Nxc4 15. Qe2 Nd6 16. Rd1 Qd7 17. h4 e6 18. h5 g5 19. dxe6 fxe6 20. f6 Qc6 21. O-O Nf7 22. e5 Rfd8 23. Ne4 Rd5 24. Bc3 Nxe5 25. Rxd5 Qxd5 26. Rd1 Qc4 27. f7+ Kxf7 28.
Rd7+ Kf8 29. Nf6 a5 30. Qxe5 1-0

[Event "Early-Titled-Tuesday-Blitz-February-13-2024"]
[Site "Chess.com"]
[Date "2024.02.13"]
[Round "4"]
[White "Shield12"]
[Black "iwanyu"]
[Result "1-0"]
[WhiteElo "3011"]
[BlackElo "2869"]
[TimeControl "180+1"]
[EndTime "8:42:25 PST"]
[Termination "Shield12 won on time"]

1. e4 c6 2. d4 d5 3. e5 c5 4. Nf3 Bg4 5. dxc5 Nc6 6. c3 e6 7. Be3 a6 8. Nbd2 Nxe5 9. Be2 Nc6 10. O-O g6 11. b4 Bg7 12. Rc1 Nge7 13. h3 Bxf3 14.
Nxf3 O-O 15. a3 Nf5 16. Bg5 Qc7 17. Qd2 h6 18. Bf4 e5 19. Bh2 Rad8 20. Rfd1 h5 21. Qa2 Qe7 22. Rxd5 e4 23. Rxf5 gxf5 24. Bd6 Rxd6 25.
cxd6 Qxd6 26. Nh2 f4 27. Bxh5 f3 28. Re1 Qh6 29. Bg4 Rd8 30. Qc2 Ne5 31. Qxe4 Nd3 32. Rd1 Qd6 33. Bf5 Be5 34. Nxf3 1-0

[Event "Early-Titled-Tuesday-Blitz-February-13-2024"]
[Site "Chess.com"]
[Date "2024.02.13"]
[Round "4"]
[White "kushagramohan"]
[Black "Crazy_girl99"]
[Result "1-0"]
[WhiteElo "2853"]
[BlackElo "2599"]
[TimeControl "180+1"]
[EndTime "8:42:25 PST"]
[Termination "kushagramohan won by resignation"]

1. e4 e5 2. Nf3 Nc6 3. Bb5 a6 4. Ba4 Nf6 5. O-O Nxe4 6. d4 b5 7. Bb3 d5 8. dxe5 Be6 9. Qe2 Be7 10. Rd1 O-O 11. c4 bxc4 12. Bxc4 Bc5 13. Be3 Bxe3 14.
Qxe3 Qb8 15. Bb3 Na5 16. Nbd2 Qa7 17. Nxe4 Qxe3 18. fxe3 Nxb3 19. axb3 dxe4 20. Nd4 Bd5 21. Ra5 Rfd8 22. Rc1 c6 23. Rca1 g6 24. h3 Rab8 25. Rc1 Kg7 26. Rxa6 Bxb3 27. Nxc6 Rbc8 28. Rc3 Rd1+ 29.
Kh2 Rd3 30. Nd4 Rcxc3 31. bxc3 Bc4 32. Rc6 Rxc3 33. Rc7 Kg8 34. Nb5 Rc2 35. Na3 Rc3 36.
Nxc4 1-0

[Event "Early-Titled-Tuesday-Blitz-February-13-2024"]
[Site "Chess.com"]
[Date "2024.02.13"]
[Round "4"]
[White "HalfIsCrayfish"]
[Black "CFN_Good_Evening"]
[Result "0-1"]
[WhiteElo "2573"]
[BlackElo "2068"]
[TimeControl "180+1"]
[EndTime "8:42:26 PST"]
[Termination "CFN_Good_Evening won by resignation"]

1. d4 Nf6 2. c4 e6 3. Nf3 d5 4.
Nc3 c6 5. e3 b6 6. Bd3 Bb7 7.
O-O Bb4 8. Qc2 Nbd7 9. Rd1 c5 10.
cxd5 exd5 11. a3 Bxc3 12. bxc3 c4 13. Bf1 O-O 14. a4 Re8 15. a5 b5 16. a6 Bc6 17.
Ba3 Ne4 18. Nd2 Ndf6 19. Be2 Bd7 20. Nxe4 Nxe4 21. Bf3 Bf5 22. Qb2 Qd7 23. Re1 Ng5 24. Be2 g6 25. Bc5 Ne4 26. Bb4 h5 27. Ra5 h4 28. Bf3 h3 29. g3 Ng5 30. Bh1 Be4 31.
Bxe4 dxe4 32. Rb1 Qg4 33. Qc1 Nf3+ 34. Kh1 Nd2 35. Qd1 Qf5 36. Rb2 Nb3 37. Rxb5 Qxb5 38.
Qf1 Qf5 39. Qe2 Qf3+ 40. Qxf3 exf3 41. Ra2 Rab8 42. Ra4 Rb5 43. Kg1 f5 44. Kf1 Kf7 45. Ke1 Ke6 46. Ra2 Kd5 47. Kd1 Reb8 48. Kc2 Rxb4 49.
cxb4 Rxb4 50. Ra4 Rxa4 0-1

[Event "Early-Titled-Tuesday-Blitz-February-13-2024"]
[Site "Chess.com"]
[Date "2024.02.13"]
[Round "4"]
[White "N_I_Chess"]
[Black "AwareIdea"]
[Result "0-1"]
[WhiteElo "2285"]
[BlackElo "2513"]
[TimeControl "180+1"]
[EndTime "8:42:26 PST"]
[Termination "AwareIdea won on time"]

1. d4 Nf6 2. c4 e6 3. Nc3 Bb4 4. Nf3 O-O 5. e3 c5 6. Bd3 cxd4 7. exd4 d5 8. O-O dxc4 9. Bxc4 b6 10. Bg5 Bb7 11. Qe2 Nbd7 12. Rfd1 Bxc3 13. bxc3 Rc8 14. Ne5 Qc7 15. Bd3 h6 16. Nxd7 Nxd7 17. Bd2 Nf6 18.
h3 Rfd8 19. Rac1 Bd5 20. c4 Bb7 21. Be3 Be4 22. Bxe4 Nxe4 23. Bxh6 Nxf2 24. Bxg7 Nxh3+ 25. gxh3 Qg3+ 26. Qg2 Qxg2+ 27. Kxg2 Kxg7 28. Rd3 Kf6 29. Rf1+ Ke7 30. Rc1 Rg8+ 31. Kf2 Rg5 32. Rg3 Rf5+ 33. Rf3 Rh5 34. Rc2 Rch8 35. Rcc3 Rh4 36. Rcd3 R8h5 37.
Ke2 Re4+ 38. Kd2 Ra5 39. a3 Ra4 40. d5 exd5 41. cxd5 Red4 42. Rxd4 Rxd4+ 43. Rd3 Rh4 44. Kc3 Kd6 45. Kb3 f5 0-1

[Event "Early-Titled-Tuesday-Blitz-February-13-2024"]
[Site "Chess.com"]
[Date "2024.02.13"]
[Round "4"]
[White "Dyadya81"]
[Black "Statham_01"]
[Result "1-0"]
[WhiteElo "2816"]
[BlackElo "2584"]
[TimeControl "180+1"]
[EndTime "8:42:27 PST"]
[Termination "Dyadya81 won on time"]

1. e4 e5 2. Nf3 Nf6 3. Nc3 Nc6 4. d4 exd4 5. Nxd4 Nxe4 6. Nxe4 Qe7 7. Bd3 Nxd4 8. O-O d5 9. Bc4 dxc4 10. Qxd4 Be6 11. Bg5 Qd7 12. Qe5 Qd5 13. Qf4 Bd6 14. Nxd6+ Qxd6 15. Qh4 Qc6 16. Be7 c3 17. b3 h6 18.
Bb4 f6 19. Rfe1 Kf7 20. Re3 Rad8 21. Rae1 Rhe8 22. Rxc3 Qd7 23. Qg3 c6 24. h4 Bd5 25.
Rd1 b6 26. Rcd3 Qf5 27. c4 a5 28. Ba3 Re4 29. cxd5 Rde8 30. dxc6 g5 31. f3 Rxh4 32. c7 Qb5 33. Qd6 Kg6 34. Qd5 Qxd5 35. Rxd5 1-0

[Event "Early-Titled-Tuesday-Blitz-February-13-2024"]
[Site "Chess.com"]
[Date "2024.02.13"]
[Round "4"]
[White "Aslanov_Umid"]
[Black "N4700000"]
[Result "1-0"]
[WhiteElo "2676"]
[BlackElo "2450"]
[TimeControl "180+1"]
[EndTime "8:42:27 PST"]
[Termination "Aslanov_Umid won on time"]

1. e4 d5 2. exd5 Nf6 3. d4 Bg4 4. Be2 Bxe2 5. Nxe2 Qxd5 6. O-O e6 7. c3 c5 8. Bf4 Nc6 9. Qa4 a6 10. c4 Qh5 11. Nbc3 Be7 12. Rad1 O-O 13. d5 Nd4 14. Rfe1 b5 15. Qa5 Bd8 16. Bc7 Nxe2+ 17. Nxe2 exd5 18. cxb5 Bxc7 19. Qxc7 axb5 20. Qxc5 Rxa2 21.
Qxb5 Qh4 22. Ng3 Ra4 23. Qc5 Rc4 24. Qe7 Rb4 25. Nf5 Qg4 26. h3 1-0

[Event "Early-Titled-Tuesday-Blitz-February-13-2024"]
[Site "Chess.com"]
[Date "2024.02.13"]
[Round "4"]
[White "NastyaHn"]
[Black "jk13"]
[Result "0-1"]
[WhiteElo "2386"]
[BlackElo "2665"]
[TimeControl "180+1"]
[EndTime "8:42:27 PST"]
[Termination "jk13 won on time"]

1. Nc3 e5 2. Nf3 Nc6 3. d4 exd4 4. Nxd4 Nf6 5. Bg5 Be7 6. Qd2 O-O 7. O-O-O d5 8. e3 Nxd4 9. Qxd4 c6 10. Bd3 h6 11.
Bh4 a6 12. Be2 Be6 13. g4 Nd7 14. Bxe7 Qxe7 15. h4 Qf6 16. Qd2 Qxf2 17. g5 Rae8 18. gxh6 g6 19. h5 Kh7 20. Rdf1 Qg3 21. Rhg1 Qe5 22. hxg6+ fxg6 23. Bd3 Bf5 24. Bxf5 Rxf5 25. Rxf5 Qxf5 26. a3 Qe5 27. Qg2 Qxe3+ 28. Kb1 Re6 29. Rf1 Rf6 30. Rh1 Qf3 31. Qh2 Qf4 32. Qg2 Ne5 33. Re1 Rf7 34. Qe2 Nf3 35. Rd1 Nd4 36.
Qe8 Nb5 0-1